Red Wings vs Capitals (R1)

Created - May 16, 2021 at 20:40

Goals
1 2 3 T
Red Wings 3 0 1 4
Capitals 1 2 0 3
Shots
1 2 3 T
Red Wings 10 5 4 19
Capitals 14 4 4 22

1st period

1. Capitals , Jason Pominville 1 (Mike Green 2, Clarke MacArthur 3) at 1:59 (PP)
2. Red Wings , Kris Versteeg 2 (Mike Richards 2, Ryan O'Byrne 2) at 4:46
3. Red Wings , Carson Mcmillan 1 (Philip Samuelsson 1, David Krejci 1) at 5:59
4. Red Wings , Darroll Powe 1 (Philip Samuelsson 2) at 19:03

Penalties :
Mike Richards (Det) for Holding (Minor) at 1:31, Frans Nielsen (Det) for Tripping (Minor) at 9:33, Derek Roy (Was) for Interference (Minor) at 16:56

2nd period

5. Capitals , Derek Roy 2 (Dustin Brown 1) at 3:17 (SH)
6. Capitals , Ryan Nugent-Hopkins 2 (Duncan Keith 1, Jamie Benn 1) at 9:06

Penalties :
Jason Pominville (Was) for Tripping (Minor) at 2:41, Kris Versteeg (Det) for Hooking (Minor) at 9:09, Marc-Édouard Vlasic (Was) for Interference (Minor) at 12:01, Ole-Kristian Tollefsen (Det) for Slashing (Minor) at 14:48, Duncan Keith (Was) for Holding (Minor) at 17:31

3rd period

7. Red Wings , Mike Richards 1 (Ole-Kristian Tollefsen 2, Philip Samuelsson 3) at 0:56

Penalties :
Frans Nielsen (Det) for Hooking (Minor) at 3:29, Alex Picard (Det) for Goalie Interference (Minor) at 9:29, Alex Picard (Det) for Holding (Minor) at 13:07, Ryan Nugent-Hopkins (Was) for Roughing (Minor) at 17:37

Goalie Stats

Robin Lehner (Det), 19 saves from 22 shots - (0.864), W, 2-0-0, 60:00 minutes
Marc-André Fleury (Was), 15 saves from 19 shots - (0.789), L, 0-2-0, 60:00 minutes

Players Stats for Red Wings

Player Name              G  A  P  +/- PIM S  H  SB GA TA FO     MP     PP MP  PK MP  
------------------------------------------------------------------------------------
Alex Picard              0  0  0   1  4   0  2  0  0  0  0/0     9:38   0:00   1:24 
Carson Mcmillan          1  0  1   1  0   1  1  0  0  0  0/0    15:18   0:18   6:20 
Chuck Kobasew            0  0  0   1  0   0  0  0  0  0  0/0     5:06   0:00   0:00 
Connor Brown             0  0  0  -1  0   2  0  0  0  0  1/1    16:50   5:42   0:00 
Darroll Powe             1  0  1   1  0   2  1  0  1  0  5/12   11:46   0:00   6:33 
David Krejci             0  1  1   1  0   1  0  0  1  1  2/6    11:13   0:00   3:13 
Frans Nielsen            0  0  0  -2  4   4  0  0  0  0  7/16   18:34   4:13   2:35 
Jakub Kindl              0  0  0   0  0   0  1  1  0  0  0/0    11:02   0:00   1:11 
Jiri Fischer             0  0  0   2  0   0  0  0  0  0  0/0    21:14   3:52   4:35 
Kellan Lain              0  0  0  -2  0   0  2  0  1  1  1/1    15:37   4:13   0:36 
Kris Versteeg            1  0  1   2  2   4  1  0  1  0  1/2    18:06   5:39   0:00 
Lasse Kukkonen           0  0  0   0  0   1  0  0  0  0  0/0    14:10   3:52   0:00 
Marko Dano               0  0  0   1  0   0  0  0  0  0  1/1    16:24   4:01   0:00 
Michael Haley            0  0  0   1  0   0  2  0  0  0  0/0     9:53   0:00   3:48 
Mike Richards            1  1  2   2  2   2  1  0  2  1  8/18   19:03   5:39   0:15 
Ole-Kristian Tollefsen   0  1  1   0  2   1  0  0  1  0  0/0    27:47   6:03   6:36 
Philip Samuelsson        0  3  3   0  0   0  2  1  2  3  0/0    28:41   5:55   7:47 
Ryan O'Byrne             0  1  1   2  0   1  2  2  0  0  0/0    17:09   0:08   4:35 

Players Stats for Capitals

Player Name              G  A  P  +/- PIM S  H  SB GA TA FO     MP     PP MP  PK MP  
------------------------------------------------------------------------------------
Alexander Steen          0  0  0   0  0   0  0  1  0  0  1/1    10:22   0:13   1:04 
Brent Burns              0  0  0  -2  0   1  0  1  1  3  0/0    20:31   0:00   5:41 
Clarke MacArthur         0  1  1  -1  0   0  0  0  0  0  0/0    14:26   7:15   0:00 
Derek Roy                1  0  1   0  2   5  0  0  0  1  10/21  20:24   5:39   2:22 
Duncan Keith             0  1  1  -1  2   0  0  0  0  0  0/0    16:20   5:07   0:00 
Dustin Brown             0  1  1   0  0   0  1  0  0  1  0/0    11:24   0:13   2:51 
Jamie Benn               0  1  1  -1  0   1  2  0  2  0  1/1    16:25   5:36   0:00 
Jason Pominville         1  0  1  -1  2   2  0  1  0  1  1/1    16:19   5:36   0:00 
Joe Pavelski             0  0  0  -1  0   1  0  0  1  0  2/2    13:11   0:00   6:00 
Marc-Édouard Vlasic      0  0  0   0  2   0  0  1  0  0  0/0    10:09   0:00   0:00 
Mike Green               0  1  1  -2  0   1  0  0  0  1  0/0    28:42   7:15   5:41 
Mikko Koivu              0  0  0  -1  0   2  0  0  0  0  1/2    12:55   5:20   0:17 
Patrick Sharp            0  0  0   0  0   1  1  0  1  1  1/1    18:00   6:33   0:00 
Ryan Getzlaf             0  0  0   0  0   0  2  0  1  1  4/9    12:50   0:00   5:30 
Ryan Nugent-Hopkins      1  0  1  -2  2   3  0  0  0  0  9/18   19:22   6:30   1:46 
Ryan Suter               0  0  0   1  0   2  0  2  0  0  0/0    14:57   0:00   4:14 
T.J. Oshie               0  0  0   0  0   3  0  0  0  0  1/1    18:05   6:33   0:00 
Trevor Daley             0  0  0   0  0   0  0  2  0  0  0/0    15:38   0:00   4:14 

3 Stars

1 - Philip Samuelsson (Det)
2 - Mike Richards (Det)
3 - Carson Mcmillan (Det)

Power Play

Red Wings - 0 on 5 Attempt(s) - 0.00%
Capitals - 1 on 7 Attempt(s) - 14.29%

Penalty Kill

Red Wings - 6 on 7 Attempt(s) - 85.71% - Score 0 goal in Penalty Kill
Capitals - 5 on 5 Attempt(s) - 100.00% - Score 1 goal in Penalty Kill

Team Stat

Red Wings - Hits : 15 - Faceoff Wins : 26 - Blocked Shots : 4 - Penalty Minutes : 14
Capitals - Hits : 6 - Faceoff Wins : 31 - Blocked Shots : 8 - Penalty Minutes : 10

Official

Referees : Unknown
Linesman : Unknown

Game Notes

No Game Note

Finance

Level 1 -- Attendance: 6000 (100.00%) -- Ticket Income $612,000
Level 2 -- Attendance: 5000 (100.00%) -- Ticket Income $260,000
Level 3 -- Attendance: 2000 (100.00%) -- Ticket Income $84,000
Level 4 -- Attendance: 4000 (100.00%) -- Ticket Income $104,000
Luxury Box -- Attendance: 907 (90.70%) -- Ticket Income $175,051
Game was played at the Verizon Center.
Total Attendance: 17907 (99.48%)
Total Ticket Income: $1,235,051
Other Income: $185,258
Total Income: $1,420,309

Red Wings

5 vs 5 Forward 
   Center                   Left Wing                Right Wing               Time % Phy DF OF 
 1 Mike Richards            Marko Dano               Kris Versteeg            35     1   2  2  
 2 Frans Nielsen            Kellan Lain              Connor Brown             35     0   2  3  
 3 David Krejci             Alex Picard              Carson Mcmillan          20     1   2  2  
 4 Darroll Powe             Michael Haley            Chuck Kobasew            10     1   2  2  

5 vs 5 Defense 
   Defense                  Defense                                           Time % Phy DF OF 
 1 Philip Samuelsson        Ole-Kristian Tollefsen                            40     1   2  2  
 2 Ryan O'Byrne             Jiri Fischer                                      30     1   2  2  
 3 Lasse Kukkonen           Jakub Kindl                                       20     1   2  2  
 4 Philip Samuelsson        Ole-Kristian Tollefsen                            10     1   2  2  

PowerPlay Forward 
   Center                   Left Wing                Right Wing               Time % Phy DF OF 
 1 Mike Richards            Kris Versteeg            Connor Brown             60     1   2  2  
 2 Frans Nielsen            Marko Dano               Kellan Lain              40     1   2  2  

PowerPlay Defense
   Defense                  Defense                                           Time % Phy DF OF 
 1 Philip Samuelsson        Ole-Kristian Tollefsen                            60     1   2  2  
 2 Lasse Kukkonen           Jiri Fischer                                      40     1   2  2  

Penalty Kill 4 Players Forward 
   Center                   Wing                     Time % Phy DF OF 
 1 Darroll Powe             Carson Mcmillan          60     1   2  2  
 2 Frans Nielsen            Michael Haley            40     1   2  2  

Penalty Kill 4 Players Defense
   Defense                  Defense                  Time % Phy DF OF 
 1 Philip Samuelsson        Ole-Kristian Tollefsen   60     1   2  2  
 2 Ryan O'Byrne             Jiri Fischer             40     1   2  2  

Penalty Kill - 3 Players Forward 
   Forward                                           Time % Phy DF OF 
 1 Carson Mcmillan                                   60     1   2  2  
 2 Michael Haley                                     40     1   2  2  

Penalty Kill - 3 Players Defense
   Defense                  Defense                  Time % Phy DF OF 
 1 Philip Samuelsson        Ole-Kristian Tollefsen   60     1   2  2  
 2 Ryan O'Byrne             Jiri Fischer             40     1   2  2  

4 vs 4 Forward 
   Center                   Wing                     Time % Phy DF OF 
 1 Mike Richards            Kris Versteeg            60     1   2  2  
 2 Connor Brown             Marko Dano               40     1   2  2  

4 vs 4 Defense
   Defense                  Defense                  Time % Phy DF OF 
 1 Philip Samuelsson        Ole-Kristian Tollefsen   60     1   2  2  
 2 Ryan O'Byrne             Jiri Fischer             40     1   2  2  

Last Minutes Offensive
   Center                   Left Wing                Right Wing               Defense                  Defense                  
   Mike Richards            Marko Dano               Kris Versteeg            Philip Samuelsson        Connor Brown             

Last Minutes Defensive
   Center                   Left Wing                Right Wing               Defense                  Defense                  
   Frans Nielsen            Michael Haley            Carson Mcmillan          Philip Samuelsson        Ole-Kristian Tollefsen   

Goaltenders
Starting : Robin Lehner             
Backup : Josh Harding             

Extra Forwards
Normal : Carson Mcmillan, Alex Picard, David Krejci - PP : Carson Mcmillan, Alex Picard - PK : David Krejci
Extra Defensemen
Normal : Lasse Kukkonen, Jakub Kindl, Ryan O'Byrne - PP : Ryan O'Byrne - PK : Jakub Kindl, Ryan O'Byrne
Penalty Shots
Kris Versteeg, Mike Richards, Marko Dano, Carson Mcmillan, Alex Picard

Scratches
Matt Greene (Healthy), Petr Pohl (Healthy)

Capitals

5 vs 5 Forward 
   Center                   Left Wing                Right Wing               Time % Phy DF OF 
 1 Derek Roy                Patrick Sharp            T.J. Oshie               40     0   1  4  
 2 Ryan Nugent-Hopkins      Jamie Benn               Jason Pominville         30     1   1  3  
 3 Mikko Koivu              Clarke MacArthur         Joe Pavelski             15     1   2  2  
 4 Ryan Getzlaf             Alexander Steen          Dustin Brown             15     1   3  1  

5 vs 5 Defense 
   Defense                  Defense                                           Time % Phy DF OF 
 1 Mike Green               Brent Burns                                       40     1   2  2  
 2 Duncan Keith             Trevor Daley                                      30     1   2  2  
 3 Marc-Édouard Vlasic      Ryan Suter                                        20     2   3  0  
 4 Brent Burns              Mike Green                                        10     2   2  1  

PowerPlay Forward 
   Center                   Left Wing                Right Wing               Time % Phy DF OF 
 1 Ryan Nugent-Hopkins      Patrick Sharp            T.J. Oshie               60     1   1  3  
 2 Derek Roy                Jamie Benn               Jason Pominville         40     1   1  3  

PowerPlay Defense
   Defense                  Defense                                           Time % Phy DF OF 
 1 Mike Green               Clarke MacArthur                                  60     0   1  4  
 2 Duncan Keith             Mikko Koivu                                       40     0   2  3  

Penalty Kill 4 Players Forward 
   Center                   Wing                     Time % Phy DF OF 
 1 Ryan Getzlaf             Joe Pavelski             60     1   4  0  
 2 Derek Roy                Dustin Brown             40     1   4  0  

Penalty Kill 4 Players Defense
   Defense                  Defense                  Time % Phy DF OF 
 1 Mike Green               Brent Burns              60     2   3  0  
 2 Trevor Daley             Ryan Suter               40     2   3  0  

Penalty Kill - 3 Players Forward 
   Forward                                           Time % Phy DF OF 
 1 Ryan Getzlaf                                      60     0   5  0  
 2 Joe Pavelski                                      40     0   5  0  

Penalty Kill - 3 Players Defense
   Defense                  Defense                  Time % Phy DF OF 
 1 Mike Green               Brent Burns              60     1   4  0  
 2 Trevor Daley             Ryan Suter               40     1   4  0  

4 vs 4 Forward 
   Center                   Wing                     Time % Phy DF OF 
 1 Derek Roy                Patrick Sharp            60     0   1  4  
 2 Ryan Nugent-Hopkins      T.J. Oshie               40     0   1  4  

4 vs 4 Defense
   Defense                  Defense                  Time % Phy DF OF 
 1 Mike Green               Brent Burns              60     1   2  2  
 2 Duncan Keith             Marc-Édouard Vlasic      40     1   2  2  

Last Minutes Offensive
   Center                   Left Wing                Right Wing               Defense                  Defense                  
   Derek Roy                Patrick Sharp            T.J. Oshie               Mike Green               Clarke MacArthur         

Last Minutes Defensive
   Center                   Left Wing                Right Wing               Defense                  Defense                  
   Ryan Getzlaf             Jamie Benn               Joe Pavelski             Mike Green               Brent Burns              

Goaltenders
Starting : Marc-André Fleury        
Backup : Keith Kinkaid            

Extra Forwards
Normal : Patrick Sharp, T.J. Oshie, Clarke MacArthur - PP : Patrick Sharp, T.J. Oshie - PK : Ryan Getzlaf
Extra Defensemen
Normal : Mike Green, Brent Burns, Duncan Keith - PP : Mike Green - PK : Mike Green, Brent Burns
Penalty Shots
Mike Green, Patrick Sharp, T.J. Oshie, Clarke MacArthur, Jamie Benn

Scratches
Jared Spurgeon (Healthy)

% Time on Ice - Red Wings

Lines # - Real PCT - Wanted PCT - Time Play
Normal Forward
1 - 35% - 35% - 12:57
2 - 30% - 35% - 11:23
3 - 21% - 20% - 7:56
4 - 14% - 10% - 5:06
Normal Defense
1 - 36% - 40% - 13:31
2 - 34% - 30% - 12:47
3 - 26% - 20% - 9:51
4 - 3% - 10% - 1:13
PP Forward
1 - 57% - 60% - 5:42
2 - 43% - 40% - 4:13
PP Defense
1 - 61% - 60% - 6:03
2 - 39% - 40% - 3:52
PK Forward
1 - 69% - 60% - 8:34
2 - 31% - 40% - 3:48
PK Defense
1 - 63% - 60% - 7:47
2 - 37% - 40% - 4:35
PK3 Forward
1 - 0% - 60%
2 - 0% - 40%
PK3 Defense
1 - 0% - 60%
2 - 0% - 40%
44 Forward
1 - 0% - 60%
2 - 0% - 40%
44 Defense
1 - 0% - 60%
2 - 0% - 40%
Last Minute Offensive  - 0:00
Last Minute Defensive  - 0:21
Total
Forward - 60:00
Defense - 60:00

% Time on Ice - Capitals

Lines # - Real PCT - Wanted PCT - Time Play
Normal Forward
1 - 31% - 40% - 11:34
2 - 33% - 30% - 12:19
3 - 17% - 15% - 6:36
4 - 19% - 15% - 7:14
Normal Defense
1 - 40% - 40% - 14:57
2 - 31% - 30% - 11:47
3 - 27% - 20% - 10:10
4 - 2% - 10% - 0:49
PP Forward
1 - 55% - 60% - 6:46
2 - 45% - 40% - 5:36
PP Defense
1 - 59% - 60% - 7:15
2 - 41% - 40% - 5:07
PK Forward
1 - 71% - 60% - 7:04
2 - 29% - 40% - 2:51
PK Defense
1 - 57% - 60% - 5:41
2 - 43% - 40% - 4:14
PK3 Forward
1 - 0% - 60%
2 - 0% - 40%
PK3 Defense
1 - 0% - 60%
2 - 0% - 40%
44 Forward
1 - 0% - 60%
2 - 0% - 40%
44 Defense
1 - 0% - 60%
2 - 0% - 40%
Last Minute Offensive  - 0:00
Last Minute Defensive  - 0:00
Total
Forward - 60:00
Defense - 60:00

Play-by-Play

1st period


0:01 of 1st period - Derek Roy wins face-off versus Mike Richards in neutral zone.
0:33 of 1st period - Mike Green is hit by Kellan Lain and loses puck.
0:52 of 1st period - Wrist shot by Clarke MacArthur.
0:52 of 1st period - Shot Misses the Net.
0:54 of 1st period - Slapshot by Mike Green.
0:54 of 1st period - Deflect By Ryan O'Byrne.
0:54 of 1st period - Stopped by Robin Lehner without a rebound.
0:55 of 1st period - Alexander Steen wins face-off versus Darroll Powe in Red Wings zone.
1:29 of 1st period - Slapshot by Duncan Keith.
1:29 of 1st period - Shot Blocked by Jakub Kindl.
1:31 of 1st period - Minor Penalty to Mike Richards for Holding.
1:32 of 1st period - Ryan Nugent-Hopkins wins face-off versus Darroll Powe in Red Wings zone.
1:47 of 1st period - Wrist shot by Patrick Sharp.
1:47 of 1st period - Stopped by Robin Lehner without a rebound.
1:48 of 1st period - Jamie Benn wins face-off versus Darroll Powe in Red Wings zone.
1:59 of 1st period - Slapshot by Mike Green.
1:59 of 1st period - Deflect By Jason Pominville.
1:59 of 1st period - Goal by Jason Pominville - Red Wings : 0 - Capitals : 1.
2:00 of 1st period - Frans Nielsen wins face-off versus Ryan Nugent-Hopkins in neutral zone.
2:02 of 1st period - Off-side.
2:03 of 1st period - Ryan Nugent-Hopkins wins face-off versus Frans Nielsen in neutral zone.
2:14 of 1st period - Snap shot by Jason Pominville.
2:14 of 1st period - Stopped by Robin Lehner with a rebound.
3:02 of 1st period - Backhand shot by Kris Versteeg.
3:02 of 1st period - Stopped by Marc-André Fleury without a rebound.
3:03 of 1st period - Frans Nielsen wins face-off versus Derek Roy in Capitals zone.
3:10 of 1st period - Backhand shot by Kellan Lain.
3:10 of 1st period - Deflect By Frans Nielsen.
3:10 of 1st period - Stopped by Marc-André Fleury with a rebound.
3:39 of 1st period - Snap shot by Jason Pominville.
3:39 of 1st period - Shot Misses the Net.
4:32 of 1st period - Slapshot by Kris Versteeg.
4:32 of 1st period - Shot Blocked by Trevor Daley.
4:34 of 1st period - Slapshot by Ryan O'Byrne.
4:34 of 1st period - Stopped by Marc-André Fleury with a rebound.
4:44 of 1st period - Slapshot by Kris Versteeg.
4:44 of 1st period - Shot Misses the Net.
4:46 of 1st period - Slapshot by Kris Versteeg.
4:46 of 1st period - Goal by Kris Versteeg - Red Wings : 1 - Capitals : 1.
4:47 of 1st period - Connor Brown wins face-off versus Derek Roy in neutral zone.
4:49 of 1st period - Off-side.
4:50 of 1st period - Derek Roy wins face-off versus Frans Nielsen in neutral zone.
5:57 of 1st period - Slapshot by Philip Samuelsson.
5:57 of 1st period - Shot Misses the Net.
5:59 of 1st period - Slapshot by Carson Mcmillan.
5:59 of 1st period - Goal by Carson Mcmillan - Red Wings : 2 - Capitals : 1.
6:00 of 1st period - Frans Nielsen wins face-off versus Derek Roy in neutral zone.
6:29 of 1st period - Ryan Getzlaf is hit by Michael Haley and loses puck.
7:12 of 1st period - Slapshot by David Krejci.
7:12 of 1st period - Shot Misses the Net.
7:14 of 1st period - Slapshot by Ole-Kristian Tollefsen.
7:14 of 1st period - Stopped by Marc-André Fleury with a rebound.
8:36 of 1st period - Snap shot by Clarke MacArthur.
8:36 of 1st period - Shot Hit the Post.
8:52 of 1st period - Wrist shot by Patrick Sharp.
8:52 of 1st period - Shot Blocked by Ryan O'Byrne.
8:54 of 1st period - Slapshot by Ryan Suter.
8:54 of 1st period - Stopped by Robin Lehner with a rebound.
8:56 of 1st period - Snap shot by Ryan Suter.
8:56 of 1st period - Stopped by Robin Lehner with a rebound.
9:33 of 1st period - Minor Penalty to Frans Nielsen for Tripping.
9:34 of 1st period - Ryan Nugent-Hopkins wins face-off versus Darroll Powe in Red Wings zone.
9:38 of 1st period - Wrist shot by Ryan Nugent-Hopkins.
9:38 of 1st period - Stopped by Robin Lehner with a rebound.
10:00 of 1st period - Slapshot by Derek Roy.
10:00 of 1st period - Shot Misses the Net.
10:02 of 1st period - Snap shot by Derek Roy.
10:02 of 1st period - Stopped by Robin Lehner with a rebound.
10:04 of 1st period - Snap shot by Jamie Benn.
10:04 of 1st period - Shot Misses the Net.
10:06 of 1st period - Slapshot by Mikko Koivu.
10:06 of 1st period - Stopped by Robin Lehner with a rebound.
10:08 of 1st period - Snap shot by Derek Roy.
10:08 of 1st period - Shot Misses the Net.
10:10 of 1st period - Snap shot by Mikko Koivu.
10:10 of 1st period - Stopped by Robin Lehner with a rebound.
10:33 of 1st period - Slapshot by Philip Samuelsson.
10:33 of 1st period - Shot Misses the Net.
11:33 of 1st period - Penalty to Frans Nielsen is over, Frans Nielsen is back on ice.
12:29 of 1st period - Mike Green is hit by Kris Versteeg and loses puck.
13:14 of 1st period - Jason Pominville is hit by Jakub Kindl and loses puck.
14:19 of 1st period - Trevor Daley is hit by Kellan Lain and loses puck.
14:32 of 1st period - Wrist shot by Jason Pominville.
14:32 of 1st period - Deflect By Kris Versteeg.
14:32 of 1st period - Shot Misses the Net.
14:32 of 1st period - Puck is out of play.
14:33 of 1st period - Ryan Getzlaf wins face-off versus Mike Richards in Red Wings zone.
14:51 of 1st period - Ryan Suter is hit by Michael Haley and loses puck.
15:15 of 1st period - Snap shot by Frans Nielsen.
15:15 of 1st period - Shot Misses the Net.
15:17 of 1st period - Wrist shot by Ole-Kristian Tollefsen.
15:17 of 1st period - Shot Misses the Net.
15:19 of 1st period - Snap shot by Connor Brown.
15:19 of 1st period - Stopped by Marc-André Fleury with a rebound.
15:21 of 1st period - Snap shot by Frans Nielsen.
15:21 of 1st period - Stopped by Marc-André Fleury without a rebound.
15:22 of 1st period - Derek Roy wins face-off versus Frans Nielsen in Capitals zone.
15:29 of 1st period - Slapshot by Brent Burns.
15:29 of 1st period - Deflect By T.J. Oshie.
15:29 of 1st period - Stopped by Robin Lehner without a rebound.
15:30 of 1st period - Derek Roy wins face-off versus Frans Nielsen in Red Wings zone.
15:31 of 1st period - Wrist shot by T.J. Oshie.
15:31 of 1st period - Stopped by Robin Lehner without a rebound.
15:32 of 1st period - Derek Roy wins face-off versus Frans Nielsen in Red Wings zone.
15:41 of 1st period - Snap shot by T.J. Oshie.
15:41 of 1st period - Stopped by Robin Lehner without a rebound.
15:42 of 1st period - Derek Roy wins face-off versus Mike Richards in Red Wings zone.
16:10 of 1st period - Philip Samuelsson is hit by Jamie Benn and loses puck.
16:53 of 1st period - Snap shot by David Krejci.
16:53 of 1st period - Stopped by Marc-André Fleury without a rebound.
16:54 of 1st period - Patrick Sharp wins face-off versus Mike Richards in Capitals zone.
16:56 of 1st period - Minor Penalty to Derek Roy for Interference.
16:57 of 1st period - Joe Pavelski wins face-off versus Mike Richards in Capitals zone.
18:56 of 1st period - Penalty to Derek Roy is over, Derek Roy is back on ice.
19:03 of 1st period - Slapshot by Darroll Powe.
19:03 of 1st period - Goal by Darroll Powe - Red Wings : 3 - Capitals : 1.
19:04 of 1st period - Derek Roy wins face-off versus David Krejci in neutral zone.
19:20 of 1st period - Snap shot by Derek Roy.
19:20 of 1st period - Stopped by Robin Lehner with a rebound.
Goals for this period are 3 for Red Wings vs 1 for Capitals.
Shots for this period are 10 for Red Wings vs 14 for Capitals.

2nd period


0:01 of 2nd period - Kris Versteeg wins face-off versus Derek Roy in neutral zone.
0:07 of 2nd period - Off-side.
0:08 of 2nd period - Marko Dano wins face-off versus Derek Roy in neutral zone.
0:11 of 2nd period - T.J. Oshie is hit by Mike Richards and loses puck.
0:30 of 2nd period - Snap shot by Derek Roy.
0:30 of 2nd period - Stopped by Robin Lehner without a rebound.
0:31 of 2nd period - Frans Nielsen wins face-off versus Ryan Nugent-Hopkins in Red Wings zone.
2:27 of 2nd period - Wrist shot by Mike Richards.
2:27 of 2nd period - Stopped by Marc-André Fleury with a rebound.
2:29 of 2nd period - Slapshot by Ryan O'Byrne.
2:29 of 2nd period - Shot Misses the Net.
2:31 of 2nd period - Wrist shot by Ryan O'Byrne.
2:31 of 2nd period - Shot Blocked by Jason Pominville.
2:33 of 2nd period - Slapshot by Ryan O'Byrne.
2:33 of 2nd period - Shot Misses the Net.
2:41 of 2nd period - Minor Penalty to Jason Pominville for Tripping.
2:42 of 2nd period - Ryan Getzlaf wins face-off versus Mike Richards in Capitals zone.
3:17 of 2nd period - Slapshot by Derek Roy.
3:17 of 2nd period - Goal by Derek Roy - Red Wings : 3 - Capitals : 2.
3:18 of 2nd period - Mike Richards wins face-off versus Ryan Getzlaf in neutral zone.
4:24 of 2nd period - Icing by Lasse Kukkonen.
4:25 of 2nd period - Ryan Nugent-Hopkins wins face-off versus Frans Nielsen in Red Wings zone.
4:41 of 2nd period - Penalty to Jason Pominville is over, Jason Pominville is back on ice.
4:50 of 2nd period - Wrist shot by David Krejci.
4:50 of 2nd period - Shot Blocked by Brent Burns.
5:26 of 2nd period - Snap shot by Carson Mcmillan.
5:26 of 2nd period - Deflect By Alex Picard.
5:26 of 2nd period - Shot Misses the Net.
5:26 of 2nd period - Puck is out of play.
5:27 of 2nd period - Frans Nielsen wins face-off versus Mikko Koivu in Capitals zone.
5:28 of 2nd period - Snap shot by Connor Brown.
5:28 of 2nd period - Shot Hit the Post.
5:30 of 2nd period - Snap shot by Kellan Lain.
5:30 of 2nd period - Shot Blocked by Marc-Édouard Vlasic.
5:32 of 2nd period - Slapshot by Jakub Kindl.
5:32 of 2nd period - Shot Blocked by Ryan Suter.
5:34 of 2nd period - Backhand shot by Frans Nielsen.
5:34 of 2nd period - Stopped by Marc-André Fleury without a rebound.
5:35 of 2nd period - Frans Nielsen wins face-off versus Derek Roy in Capitals zone.
6:18 of 2nd period - Wrist shot by Connor Brown.
6:18 of 2nd period - Stopped by Marc-André Fleury with a rebound.
6:20 of 2nd period - Slapshot by Lasse Kukkonen.
6:20 of 2nd period - Stopped by Marc-André Fleury with a rebound.
6:22 of 2nd period - Wrist shot by Frans Nielsen.
6:22 of 2nd period - Stopped by Marc-André Fleury without a rebound.
6:23 of 2nd period - Mike Richards wins face-off versus Ryan Nugent-Hopkins in Capitals zone.
6:50 of 2nd period - Brent Burns is hit by Alex Picard and loses puck.
8:06 of 2nd period - Off-side.
8:07 of 2nd period - Mikko Koivu wins face-off versus David Krejci in neutral zone.
8:20 of 2nd period - Wrist shot by Alex Picard.
8:20 of 2nd period - Shot Blocked by Ryan Suter.
8:22 of 2nd period - Slapshot by Ole-Kristian Tollefsen.
8:22 of 2nd period - Deflect By Carson Mcmillan.
8:22 of 2nd period - Shot Misses the Net.
8:22 of 2nd period - Puck is out of play.
8:23 of 2nd period - Mike Richards wins face-off versus Derek Roy in Capitals zone.
8:56 of 2nd period - Snap shot by Jamie Benn.
8:56 of 2nd period - Shot Misses the Net.
9:06 of 2nd period - Snap shot by Ryan Nugent-Hopkins.
9:06 of 2nd period - Goal by Ryan Nugent-Hopkins - Red Wings : 3 - Capitals : 3.
9:07 of 2nd period - Mike Richards wins face-off versus Derek Roy in neutral zone.
9:09 of 2nd period - Minor Penalty to Kris Versteeg for Hooking.
9:10 of 2nd period - Darroll Powe wins face-off versus Ryan Nugent-Hopkins in Red Wings zone.
9:24 of 2nd period - Wrist shot by T.J. Oshie.
9:24 of 2nd period - Shot Misses the Net.
11:09 of 2nd period - Penalty to Kris Versteeg is over, Kris Versteeg is back on ice.
11:19 of 2nd period - Lasse Kukkonen is hit by Dustin Brown.
11:33 of 2nd period - Kris Versteeg is hit by Ryan Getzlaf and loses puck.
12:01 of 2nd period - Minor Penalty to Marc-Édouard Vlasic for Interference.
12:02 of 2nd period - Ryan Getzlaf wins face-off versus Frans Nielsen in Capitals zone.
13:13 of 2nd period - Icing by Carson Mcmillan.
13:14 of 2nd period - Frans Nielsen wins face-off versus Ryan Getzlaf in Red Wings zone.
14:01 of 2nd period - Penalty to Marc-Édouard Vlasic is over, Marc-Édouard Vlasic is back on ice.
14:24 of 2nd period - Off-side.
14:25 of 2nd period - Darroll Powe wins face-off versus Ryan Nugent-Hopkins in neutral zone.
14:28 of 2nd period - Snap shot by Philip Samuelsson.
14:28 of 2nd period - Shot Misses the Net.
14:30 of 2nd period - Wrist shot by Philip Samuelsson.
14:30 of 2nd period - Deflect By Chuck Kobasew.
14:30 of 2nd period - Shot Misses the Net.
14:30 of 2nd period - Puck is out of play.
14:31 of 2nd period - David Krejci wins face-off versus Derek Roy in Capitals zone.
14:32 of 2nd period - Slapshot by Philip Samuelsson.
14:32 of 2nd period - Shot Misses the Net.
14:46 of 2nd period - Slapshot by Brent Burns.
14:46 of 2nd period - Stopped by Robin Lehner with a rebound.
14:48 of 2nd period - Minor Penalty to Ole-Kristian Tollefsen for Slashing.
14:49 of 2nd period - Darroll Powe wins face-off versus Ryan Nugent-Hopkins in Red Wings zone.
16:48 of 2nd period - Penalty to Ole-Kristian Tollefsen is over, Ole-Kristian Tollefsen is back on ice.
16:57 of 2nd period - Ryan Suter is hit by Ryan O'Byrne and loses puck.
17:31 of 2nd period - Minor Penalty to Duncan Keith for Holding.
17:32 of 2nd period - Mike Richards wins face-off versus Ryan Getzlaf in Capitals zone.
19:31 of 2nd period - Penalty to Duncan Keith is over, Duncan Keith is back on ice.
19:36 of 2nd period - Off-side.
19:37 of 2nd period - Derek Roy wins face-off versus David Krejci in neutral zone.
19:54 of 2nd period - T.J. Oshie is hit by Carson Mcmillan and loses puck.
Goals for this period are 0 for Red Wings vs 2 for Capitals.
Shots for this period are 5 for Red Wings vs 4 for Capitals.

3rd period


0:01 of 3rd period - Kellan Lain wins face-off versus Derek Roy in neutral zone.
0:14 of 3rd period - Wrist shot by Derek Roy.
0:14 of 3rd period - Stopped by Robin Lehner with a rebound.
0:16 of 3rd period - Wrist shot by T.J. Oshie.
0:16 of 3rd period - Shot Misses the Net.
0:23 of 3rd period - Icing by Philip Samuelsson.
0:24 of 3rd period - Jason Pominville wins face-off versus Mike Richards in Red Wings zone.
0:25 of 3rd period - Slapshot by Ryan Nugent-Hopkins.
0:25 of 3rd period - Stopped by Robin Lehner without a rebound.
0:26 of 3rd period - Ryan Nugent-Hopkins wins face-off versus Mike Richards in Red Wings zone.
0:29 of 3rd period - Snap shot by Jason Pominville.
0:29 of 3rd period - Deflect By Philip Samuelsson.
0:29 of 3rd period - Shot Misses the Net.
0:29 of 3rd period - Puck is out of play.
0:30 of 3rd period - Ryan Nugent-Hopkins wins face-off versus Kris Versteeg in Red Wings zone.
0:33 of 3rd period - Snap shot by Jamie Benn.
0:33 of 3rd period - Stopped by Robin Lehner with a rebound.
0:56 of 3rd period - Snap shot by Mike Richards.
0:56 of 3rd period - Goal by Mike Richards - Red Wings : 4 - Capitals : 3.
0:57 of 3rd period - Derek Roy wins face-off versus Frans Nielsen in neutral zone.
1:33 of 3rd period - Off-side.
1:34 of 3rd period - Mike Richards wins face-off versus Ryan Nugent-Hopkins in neutral zone.
1:37 of 3rd period - Slapshot by Jiri Fischer.
1:37 of 3rd period - Shot Blocked by Trevor Daley.
1:49 of 3rd period - Slapshot by Jamie Benn.
1:49 of 3rd period - Shot Misses the Net.
2:19 of 3rd period - Jakub Kindl is hit by Patrick Sharp and loses puck.
2:50 of 3rd period - Chuck Kobasew is hit by Ryan Getzlaf and loses puck.
3:29 of 3rd period - Minor Penalty to Frans Nielsen for Hooking.
3:30 of 3rd period - Ryan Nugent-Hopkins wins face-off versus Darroll Powe in Red Wings zone.
3:35 of 3rd period - Snap shot by Patrick Sharp.
3:35 of 3rd period - Shot Misses the Net.
3:37 of 3rd period - Wrist shot by Mike Green.
3:37 of 3rd period - Deflect By Patrick Sharp.
3:37 of 3rd period - Shot Misses the Net.
3:37 of 3rd period - Puck is out of play.
3:38 of 3rd period - Darroll Powe wins face-off versus Ryan Nugent-Hopkins in Red Wings zone.
4:54 of 3rd period - Icing by T.J. Oshie.
4:55 of 3rd period - David Krejci wins face-off versus Ryan Nugent-Hopkins in Capitals zone.
5:29 of 3rd period - Penalty to Frans Nielsen is over, Frans Nielsen is back on ice.
5:36 of 3rd period - Dustin Brown is hit by Philip Samuelsson and loses puck.
5:45 of 3rd period - Backhand shot by Kris Versteeg.
5:45 of 3rd period - Stopped by Marc-André Fleury without a rebound.
5:46 of 3rd period - Derek Roy wins face-off versus Frans Nielsen in Capitals zone.
5:57 of 3rd period - Wrist shot by Patrick Sharp.
5:57 of 3rd period - Shot Blocked by Ryan O'Byrne.
6:26 of 3rd period - Snap shot by Connor Brown.
6:26 of 3rd period - Shot Misses the Net.
7:54 of 3rd period - Wrist shot by Darroll Powe.
7:54 of 3rd period - Stopped by Marc-André Fleury with a rebound.
8:19 of 3rd period - T.J. Oshie is hit by Alex Picard and loses puck.
9:27 of 3rd period - Snap shot by Jason Pominville.
9:27 of 3rd period - Shot Misses the Net.
9:29 of 3rd period - Minor Penalty to Alex Picard for Goalie Interference.
9:30 of 3rd period - Ryan Nugent-Hopkins wins face-off versus Darroll Powe in Red Wings zone.
9:31 of 3rd period - Snap shot by T.J. Oshie.
9:31 of 3rd period - Deflect By Ryan Nugent-Hopkins.
9:31 of 3rd period - Shot Misses the Net.
9:31 of 3rd period - Puck is out of play.
9:32 of 3rd period - Ryan Nugent-Hopkins wins face-off versus Darroll Powe in Red Wings zone.
9:33 of 3rd period - Slapshot by Mike Green.
9:33 of 3rd period - Shot Blocked by Philip Samuelsson.
9:57 of 3rd period - Philip Samuelsson is hit by Jamie Benn.
11:29 of 3rd period - Penalty to Alex Picard is over, Alex Picard is back on ice.
11:32 of 3rd period - Patrick Sharp is hit by Ryan O'Byrne and loses puck.
12:28 of 3rd period - Trevor Daley is hit by Darroll Powe and loses puck.
13:07 of 3rd period - Minor Penalty to Alex Picard for Holding.
13:08 of 3rd period - Darroll Powe wins face-off versus Derek Roy in Red Wings zone.
15:07 of 3rd period - Penalty to Alex Picard is over, Alex Picard is back on ice.
15:31 of 3rd period - Wrist shot by Marko Dano.
15:31 of 3rd period - Shot Blocked by Alexander Steen.
15:33 of 3rd period - Snap shot by Marko Dano.
15:33 of 3rd period - Shot Misses the Net.
17:12 of 3rd period - Icing by Ryan O'Byrne.
17:13 of 3rd period - T.J. Oshie wins face-off versus David Krejci in Red Wings zone.
17:37 of 3rd period - Minor Penalty to Ryan Nugent-Hopkins for Roughing.
17:38 of 3rd period - Joe Pavelski wins face-off versus Mike Richards in Capitals zone.
17:50 of 3rd period - Slapshot by Kris Versteeg.
17:50 of 3rd period - Stopped by Marc-André Fleury without a rebound.
17:51 of 3rd period - Mike Richards wins face-off versus Ryan Getzlaf in Capitals zone.
18:06 of 3rd period - Snap shot by Joe Pavelski.
18:06 of 3rd period - Stopped by Robin Lehner without a rebound.
18:07 of 3rd period - Ryan Getzlaf wins face-off versus Mike Richards in Red Wings zone.
18:08 of 3rd period - Slapshot by Mike Green.
18:08 of 3rd period - Shot Misses the Net.
18:20 of 3rd period - Wrist shot by Ryan Getzlaf.
18:20 of 3rd period - Deflect By Joe Pavelski.
18:20 of 3rd period - Shot Misses the Net.
18:20 of 3rd period - Puck is out of play.
18:21 of 3rd period - Mike Richards wins face-off versus Ryan Getzlaf in Red Wings zone.
18:36 of 3rd period - Wrist shot by Connor Brown.
18:36 of 3rd period - Shot Misses the Net.
19:37 of 3rd period - Penalty to Ryan Nugent-Hopkins is over, Ryan Nugent-Hopkins is back on ice.
19:47 of 3rd period - Ryan Nugent-Hopkins is hit by Philip Samuelsson and loses puck.
Goals for this period are 1 for Red Wings vs 0 for Capitals.
Shots for this period are 4 for Red Wings vs 4 for Capitals. Output by the SimonT Hockey Simulator (STHS) for Francois Prevost - Original Page W3C HTML5 Valid
Hockey Simulator - Hockey Simulation - Hockey Manager